 Dungeon Crawl Stone Soup version 0.24.0-123-gd5b16e6ec5 (webtiles) character file.

Game seed: 6709356927008895163, levelgen mode: deterministic

148 DungeonDestroyer the Shield-Bearer (level 5, -9/47 HPs)
             Began as a Gnoll Fighter on Jan 21, 2020.
             Mangled by an ogre
             ... wielding a +0 giant club
              (23 damage)
             ... on level 4 of the Dungeon.
             The game lasted 00:04:53 (2466 turns).

DungeonDestroyer the Shield-Bearer (Gnoll Fighter)  Turns: 2466, Time: 00:04:53

Health: -9/47      AC: 10    Str: 18 (19) XL:     5   Next: 30%
Magic:  7/7        EV:  8    Int: 10      God:
Gold:   273        SH: 10    Dex: 13 (15) Spells: 6/6 levels left

rFire    . . .     SeeInvis .   a - +1 long sword
rCold    . . .     Gourm    .   c - +0 shield
rNeg     . . .     Faith    .   b - +0 scale mail
rPois    .         Spirit   .   o - +1 hat
rElec    .         Reflect  .   (no cloak)
rCorr    .         Harm     .   (no gloves)
MR       .....                  g - +0 pair of boots
Stlth    +.........             (no amulet)
HPRegen  0.15/turn              p - ring of stealth
MPRegen  0.10/turn              (no ring)

@: no status effects
A: distributed training, antennae 1, fangs 1, blurry vision 1, strong nose
a: no special abilities


You were on level 4 of the Dungeon.
You were not hungry.

You visited 1 branch of the dungeon, and saw 4 of its levels.

You collected 273 gold pieces.

Inventory:

Hand Weapons
 a - a +1 long sword (weapon)
 i - a +0 mace
Missiles
 e - 64 stones (quivered)
 j - 47 bolts
 l - 8 boomerangs
 m - a throwing net
Armour
 b - a +0 scale mail (worn)
 c - a +0 shield (worn)
 g - a +0 pair of boots (worn)
 o - a +1 hat (worn)
Jewellery
 p - a ring of stealth (left hand)
Scrolls
 n - 3 scrolls of remove curse
 r - 2 scrolls of identify
 s - a scroll of teleportation
 u - 2 scrolls of blinking
Potions
 d - a potion of might
 h - a potion of cancellation
Comestibles
 f - 3 rations


   Skills:
 + Level 6.6 Fighting
 + Level 1.4 Short Blades
 + Level 4.7 Long Blades
 + Level 1.4 Axes
 + Level 1.4 Maces & Flails
 + Level 1.4 Polearms
 + Level 1.4 Staves
 + Level 1.4 Slings
 + Level 1.4 Bows
 + Level 1.4 Crossbows
 + Level 1.4 Throwing
 + Level 6.6 Armour
 + Level 1.4 Dodging
 + Level 1.4 Stealth
 + Level 6.6 Shields
 + Level 1.4 Unarmed Combat
 + Level 1.4 Spellcasting
 + Level 1.1 Conjurations
 + Level 1.1 Hexes
 + Level 1.1 Charms
 + Level 1.1 Summonings
 + Level 1.1 Necromancy
 + Level 1.1 Translocations
 + Level 1.1 Transmutations
 + Level 1.1 Fire Magic
 + Level 1.1 Ice Magic
 + Level 1.1 Air Magic
 + Level 1.1 Earth Magic
 + Level 1.1 Poison Magic
 + Level 1.5 Invocations
 + Level 1.4 Evocations


You had 6 spell levels left.
You didn't know any spells.
Your spell library was empty.

Dungeon Overview and Level Annotations

Branches:
Dungeon (4/15)
 Temple: D:4-7

Altars:


Innate Abilities, Weirdness & Mutations

Your experience applies equally to all skills.
You have very sharp teeth.
Your uncanny sense of smell can sniff out nearby items.
You have a pair of small antennae on your head.
Scrolls take you a little longer to read.


Message History

You slash the ogre!
The ogre is moderately wounded.
The ogre barely misses you.
You hit the ogre. Your bite misses the ogre.
The ogre is moderately wounded.
You block the ogre's attack.
You slash the ogre! You bite the ogre.
The ogre is severely wounded.
The ogre closely misses you.
You hit the ogre.
The ogre is almost dead.
You block the ogre's attack.
You hit the ogre.
The ogre is almost dead.
The ogre hits you with a +0 giant club!
* * * LOW HITPOINT WARNING * * *
You hit the ogre. You bite the ogre, but do no damage.
The ogre is almost dead.
The ogre hits you with a +0 giant club!!
You die...

#..####.<..#
#......####
##..#### .## #.##
...# ##.# ## ....#
#.####.# ...o.##
#.#....# .......##
##......#
........###@#....##
......†..##O##..##
.......o.{oa#####
.........oo##
............#
.............#
..............#
..............#
.............##


You could see an ogre, a worker ant, an orc priest and 2 orcs.

Vanquished Creatures
  An orc wizard (D:3)
  2 adders
  An ooze (D:2)
  3 worms
  A dart slug (D:2)
  4 leopard geckos (D:1)
  7 orcs (D:3)
  A ball python (D:3)
  A giant cockroach (D:3)
  6 goblins
  7 hobgoblins
  10 jackals
  5 kobolds
  A quokka (D:3)
  10 bats
  6 frilled lizards
  9 rats
75 creatures vanquished.

Notes
Turn   | Place    | Note
-------+----------+-------------------------------------------
     0 | D:1      | DungeonDestroyer the Gnoll Fighter began the quest for the
                  | Orb.
     0 | D:1      | Reached XP level 1. HP: 23/23 MP: 1/1
   268 | D:1      | Reached XP level 2. HP: 29/29 MP: 2/2
   718 | D:1      | Reached XP level 3. HP: 35/35 MP: 3/3
   920 | D:2      | Reached skill level 1 in Invocations
  1200 | D:2      | Reached skill level 1 in Short Blades
  1200 | D:2      | Reached skill level 1 in Axes
  1200 | D:2      | Reached skill level 1 in Maces & Flails
  1200 | D:2      | Reached skill level 1 in Polearms
  1200 | D:2      | Reached skill level 1 in Staves
  1200 | D:2      | Reached skill level 1 in Slings
  1200 | D:2      | Reached skill level 1 in Bows
  1200 | D:2      | Reached skill level 1 in Crossbows
  1200 | D:2      | Reached skill level 1 in Throwing
  1200 | D:2      | Reached skill level 1 in Dodging
  1200 | D:2      | Reached skill level 1 in Stealth
  1200 | D:2      | Reached skill level 1 in Unarmed Combat
  1200 | D:2      | Reached skill level 1 in Spellcasting
  1200 | D:2      | Reached skill level 1 in Evocations
  1319 | D:2      | Reached XP level 4. HP: 41/41 MP: 5/5
  1816 | D:3      | Reached skill level 1 in Conjurations
  1816 | D:3      | Reached skill level 1 in Hexes
  1816 | D:3      | Reached skill level 1 in Charms
  1816 | D:3      | Reached skill level 1 in Summonings
  1816 | D:3      | Reached skill level 1 in Necromancy
  1816 | D:3      | Reached skill level 1 in Translocations
  1816 | D:3      | Reached skill level 1 in Transmutations
  1816 | D:3      | Reached skill level 1 in Fire Magic
  1816 | D:3      | Reached skill level 1 in Ice Magic
  1816 | D:3      | Reached skill level 1 in Air Magic
  1816 | D:3      | Reached skill level 1 in Earth Magic
  1816 | D:3      | Reached skill level 1 in Poison Magic
  1847 | D:3      | Reached XP level 5. HP: 30/47 MP: 6/6
  2365 | D:3      | Gained mutation: Scrolls take you a little longer to read.
                  | [potion of mutation]
  2365 | D:3      | Gained mutation: You have a pair of small antennae on your
                  | head. [potion of mutation]
  2451 | D:4      | Noticed an ogre
  2466 | D:4      | Mangled by an ogre

Levels and vault maps discovered:
D:1:      minmay_arrival_widening_spiral_narrow, layout_basic, minivault_14,
          wander_ebering_terrifying_dragon_lair
D:2:      layout_rooms
D:3:      layout_basic
D:4:      layout_cave_pods, portal_sewer_entry_d

Skill      XL: |  1  2  3  4 |
---------------+-------------+-----
Invocations    | 1 |  1.5
Short Blades   | 1 |  1.4
Axes           | 1 |  1.4
Maces & Flails | 1 |  1.4
Polearms       | 1 |  1.4
Staves         | 1 |  1.4
Slings         | 1 |  1.4
Bows           | 1 |  1.4
Crossbows      | 1 |  1.4
Throwing       | 1 |  1.4
Dodging        | 1 |  1.4
Stealth        | 1 |  1.4
Unarmed Combat | 1 |  1.4
Spellcasting   | 1 |  1.4
Evocations     | 1 |  1.4
Conjurations   | 1 |  1.1
Hexes          | 1 |  1.1
Charms         | 1 |  1.1
Summonings     | 1 |  1.1
Necromancy     | 1 |  1.1
Translocations | 1 |  1.1
Transmutations | 1 |  1.1
Fire Magic     | 1 |  1.1
Ice Magic      | 1 |  1.1
Air Magic      | 1 |  1.1
Earth Magic    | 1 |  1.1
Poison Magic   | 1 |  1.1
Fighting       | |  6.6
Long Blades    | |  4.7
Armour         | |  6.6
Shields        | |  6.6

Action                   |  1- 3 |  4- 6 || total
-------------------------+-------+-------++-------
Melee: Long sword        |   105 |   124 ||   229
       Bite              |    15 |    22 ||    37
  Use: Scroll            |     2 |     5 ||     7
       Potion            |     2 |     2 ||     4
 Stab: Distracted        |       |     1 ||     1
  Eat: Chunk             |     1 |     4 ||     5
Armor: Scale mail        |    39 |    63 ||   102
Dodge: Dodged            |    30 |    32 ||    62
Block: Shield            |    65 |    75 ||   140
       Rpst.: Long sword |    10 |    13 ||    23
